 Dungeon Crawl Stone Soup version 0.29-a0-275-g389c0b56f3 (webtiles) character file.

Game seed: 11298146348890596078

19 HotDog the Covered (level 2, -1/19 HPs)
             Began as a Gargoyle Fighter on Mar 9, 2022.
             Killed from afar by Natasha (8 damage)
             ... with a magic dart
             ... on level 3 of the Dungeon.
             The game lasted 00:01:47 (1157 turns).

HotDog the Covered (Gargoyle Fighter)               Turns: 1157, Time: 00:01:48

Health: -1/19      AC:  9    Str: 19    XL:     2   Next: 75%
Magic:  2/2        EV:  2    Int:  8    God:
Gold:   28         SH: 26    Dex:  9    Spells: 1/1 levels left

rFire   . . .      SeeInvis .   a - +0 flail
rCold   . . .      Faith    .   c - +18 shield of the Gong {rElec rN+ Will+ EV-5}
rNeg    + + +      Spirit   .   b - +0 scale mail
rPois   ∞          Reflect  .   (no helmet)
rElec   +          Harm     .   (no cloak)
rCorr   .          Rampage  .   (no gloves)
Will    +....                   (no boots)
Stlth   ..........              (no amulet)
HPRegen 0.06/turn               j - ring of positive energy
MPRegen 0.08/turn               (no ring)

@: no status effects
A: sickness immunity, AC +2, negative energy resistance 1, electricity
resistance, torment resistance 1, petrification resistance
a: no special abilities


You were on level 3 of the Dungeon.
You visited 1 branch of the dungeon, and saw 3 of its levels.

You collected 28 gold pieces.

Inventory:

Hand Weapons
 a - a +0 flail (weapon)
Armour
 b - a +0 scale mail (worn)
 c - the +18 shield of the Gong (worn) {rElec rN+ Will+ EV-5}
   (You acquired it on level 1 of the Dungeon)

   It is deafeningly noisy when blocking attacks.
   EV:        It affects your evasion (-5).
   rElec:     It insulates you from electricity.
   rN:        It protects you from negative energy.
   Will:      It increases your willpower.
 e - a +0 kite shield
Jewellery
 j - a ring of positive energy (left hand)
Scrolls
 k - a scroll of brand weapon {unknown}
Potions
 d - a potion of might
 f - a potion of berserk rage
 h - a potion of heal wounds {unknown}


   Skills:
 * Level 3.5 Fighting
 * Level 2.0 Maces & Flails
 * Level 3.6 Armour
 * Level 0.2 Dodging
 * Level 3.5 Shields
 * Level 0.5 Invocations


You had one spell level left.
You didn't know any spells.
Your spell library was empty.

Dungeon Overview and Level Annotations

Branches:
Dungeon (3/15)

Altars:

Shops:
D:1 ?

Annotations:
D:3 Natasha


Innate Abilities, Weirdness & Mutations

You are immune to sickness and miasma.
Your stone body is resilient. (AC +2)
You are immune to poison.
You resist negative energy. (rN+)
You are resistant to electric shocks. (rElec)
You are resistant to unholy torment.
You are immune to petrification.


Message History

You block the frilled lizard's attack.
BOUMMMMG!
The frilled lizard bites you but does no damage.
The frilled lizard attacks as you move away!
You block the frilled lizard's attack.
BOUMMMMG!
The hobgoblin attacks as you move away! You block the hobgoblin's attack.
BOUMMMMG!
The frilled lizard attacks as you move away!
You block the frilled lizard's attack.
BONNNG!
You hear a shout!
The frilled lizard attacks as you move away!
You block the frilled lizard's attack.
BOUMMMMG!
The hobgoblin attacks as you move away! You block the hobgoblin's attack.
GONNNNG!
You hear a shout!
The hobgoblin attacks as you move away! You block the hobgoblin's attack.
GONNNNG!
The hobgoblin attacks as you move away! You block the hobgoblin's attack.
GONNNNG!
An orc comes into view. It is wielding a +0 flail.
The frilled lizard attacks as you move away!
You block the frilled lizard's attack.
GONNNNG!
The hobgoblin attacks as you move away! You block the hobgoblin's attack.
BOUMMMMG!
You hear a shout!
A rat comes into view.
The hobgoblin attacks as you move away! You block the hobgoblin's attack.
GONNNNG!
You hear a shout!
The frilled lizard attacks as you move away!
You block the frilled lizard's attack.
GONNNNG!
You hear a shout!
Natasha, Servant of Life and Death comes into view.
You are too injured to fight recklessly!
You are too injured to fight recklessly!
You sock the frilled lizard!
You kill the frilled lizard!
Natasha stares at you and mumbles some strange words.
The magic dart hits you!
You die...

... .. #### ..# #...#
..# ..##. #...#
......... #....
h..####.#...##. #K#.#
#............. #.#.#
#@# #.#.#########.#
#.#...ol.SK..g#..#
#.<....K.r.l......r.
#......###########..###
..####.# ..# . #.# .#
#.# .# #.# #


You could see Natasha, a hobgoblin and a frilled lizard.

Vanquished Creatures
  An endoplasm (D:1)
  2 goblins (D:1)
  A hobgoblin (D:1)
  2 jackals (D:2)
  3 kobolds (D:1)
  2 quokkas (D:1)
  2 ball pythons (D:1)
  A bat (D:1)
  3 frilled lizards
  2 rats (D:1)
19 creatures vanquished.

Vanquished Creatures (others)
  A withered plant (D:3)
1 creature vanquished.

Grand Total: 20 creatures vanquished

Notes
Turn   | Place    | Note
-------+----------+-------------------------------------------
     0 | D:1      | HotDog the Gargoyle Fighter began the quest for the Orb.
     0 | D:1      | Reached XP level 1. HP: 14/14 MP: 1/1
    60 | D:1      | Found Honank's Magic Scroll Boutique.
   308 | D:1      | Reached XP level 2. HP: 19/19 MP: 2/2
  1050 | D:1      | Identified a scroll of acquirement
  1050 | D:1      | Acquired the +18 shield of the Gong {rElec rN+ Will+ EV-5}
  1050 | D:1      | Found the +18 shield of the Gong {rElec rN+ Will+ EV-5}
  1156 | D:3      | Noticed Natasha
  1157 | D:3      | Killed from afar by Natasha

Illustrated notes

Levels and vault maps discovered:
D:1:      tarquinn_simple_flora_water_f, layout_basic, serial_shops,
          nicolae_shop_trees
D:2:      layout_loops_ring, basic_ecumenical_altar, st_stairs_14
D:3:      minmay_roachtagon, layout_loops_ring, gammafunk_ghost_grave,
          hangedman_decor_riveting, serial_bayou_crossing, uniq_terence,
          uniq_natasha

Action                   || total
-------------------------++-------
Melee: Flail             ||    64
  Use: Scroll            ||     3
Armor: Scale mail        ||    48
Dodge: Dodged            ||    17
Block: Kite shield       ||    85

Table legend: (Time is in decaauts)
 A = Elapsed time spent in this place.
 B = Non-inter-level travel time spent in this place.
 C = Inter-level travel time spent in this place.
 D = Time resting spent in this place.
 E = Time spent auto-exploring this place.
 F = Levels seen in this place.
 G = Mean time per level.
                   A        B        C        D        E       F      G
               +--------+--------+--------+--------+--------+-----+--------+
         Total |   1185 |   1135 |     50 |      0 |    902 |   3 |  395.0 |
       Dungeon |   1185 |   1135 |     50 |      0 |    902 |   3 |  395.0 |
               +--------+--------+--------+--------+--------+-----+--------+

Top non-repeatable levels by time:
     D:1: 1141 daAuts
     D:2: 31 daAuts
     D:3: 12 daAuts
